cohdb
Replays
Latest Replays
All Replays
Popular Replays
Top Player Replays
Match Explorer
How It Works
Community
CoH3 Stats
Reddit
Sign in to upload your games and track your stats! →
Sign in with Steam
Match 37938514
Unlisted
Match 37938514
Overview
Messages
Build Orders
End
Kradschützen Motorcycle Team
Panzerpioneer Squad
Selects Italian Infantry
Selects Italian Infantry
250 Light Carrier
Construct Light Support Kompanie
Combat Half-tracks
2.5-tonne Medical Truck
Selects Defensive Operations
Fire Support Elements
Assault Mechanized Group
Assault Grenadier Squad
Construct Panzerarmee Kommand
Armored Reserves
Emergency Repair Kits
StuG Assault Group
Rapid Advance
Selects Prepared Positions
Selects Guastatori Squad
Selects Registered Artillery
Tiger Heavy Tank
Tungsten Core Ammunition
Advanced Optics
Registered Artillery
Vehicle Survival Package
Guastatori Squad
Selects Towed Cannone da 105/28 Field Howitzer
初羽空白
wl_kaelthas
祸乱之炮手
Inglourious Basterds
Honey
khj
pju5969
AA_nana_yuri
0
0
Comments
sign in to comment!
No comments posted yet!